 Dungeon Crawl Stone Soup version 0.26-a0-154-g3d63440f56 (webtiles) character file.

Game seed: 11526218348771791264

140 Flugslaktarn the Chiller (level 5, -2/31 HPs)
             Began as an Octopode Ice Elementalist on June 30, 2020.
             Slain by a worm (10 damage)
             ... in a sewer.
             The game lasted 00:04:27 (686 turns).

Flugslaktarn the Chiller (Octopode Ice Elementalist) Turns: 686, Time: 00:04:28

Health: -2/31      AC:  1    Str:  7    XL:     5   Next: 23%
Magic:  1/10       EV: 13    Int: 18    God:
Gold:   25         SH:  0    Dex: 13    Spells: 7/11 levels left

rFire    . . .     SeeInvis .   f - +2 whip (venom)
rCold    . . .     Faith    .   (no shield)
rNeg     . . .     Spirit   .   (helmet restricted)
rPois    .         Reflect  .   (no amulet)
rElec    .         Harm     .   (no ring)
rCorr    .                      (no ring)
MR       .....                  (no ring)
Stlth    +++.......             (no ring)
HPRegen  0.10/turn              (no ring)
MPRegen  0.12/turn              (no ring)
                                (no ring)
                                (no ring)

@: frozen ramparts
A: almost no armour, stealthy swim, amphibious, 8 rings, constrict 8, camouflage
1, gelatinous body 1
a: no special abilities


You were in a sewer.
You were not hungry.

You visited 1 branch of the dungeon, and saw 4 of its levels.
You also visited: Sewer.

You collected 25 gold pieces.

Inventory:

Hand Weapons
 f - a +2 whip of venom (weapon)
   (You took it off a kobold on level 2 of the Dungeon)
 g - a +3 dagger
   (You found it on level 2 of the Dungeon)
Scrolls
 a - 2 scrolls of teleportation {unknown}
 c - a scroll of identify {unknown}
 e - 2 scrolls of remove curse {unknown}
 j - a scroll of enchant armour {unknown}
Potions
 d - 4 potions of curing {unknown}
 h - a potion of heal wounds {unknown}
 i - 2 potions of flight {unknown}
Comestibles
 b - 3 rations


   Skills:
 - Level 2.0 Dodging
 - Level 2.6 Stealth
 + Level 3.7 Spellcasting
 + Level 5.3 Ice Magic


You had 7 spell levels left.
You knew the following spells:

 Your Spells              Type           Power        Failure   Level  Hunger
a - Freeze                Ice            ###.         1%          1    None
b - Frozen Ramparts       Ice            ###...       5%          3    ###....

Your spell library contained the following spells:

 Spells                   Type           Power        Failure   Level  Hunger
 Ozocubu's Armour         Chrm/Ice       ##......     16%         3    ###....
 Hailstorm                Conj/Ice       ##......     45%         4    ####...
 Summon Ice Beast         Ice/Summ       ##......     45%         4    ####...


Dungeon Overview and Level Annotations

Branches:
Dungeon (4/15)              Sewer (1/1)
 Temple: D:4-7

Altars:
Gozag
Nemelex Xobeh
Xom

Annotations:
D:1 1 runed translucent door


Innate Abilities, Weirdness & Mutations

You cannot wear most types of armour.
You are very stealthy in the water. (Stealth+)
You are amphibious.
You can wear up to eight rings at the same time.
You can use your tentacles to constrict eight enemies at once.
Your skin changes colour to match your surroundings (Stealth+).
Your rubbery body absorbs attacks. (AC +1, EV +1)


Message History

The wall freezes the river rat. x2
You kill the river rat!
There is a stone staircase leading down here.
There is a stone staircase leading down here.
The frozen ramparts melt away.
The helpless giant cockroach fails to defend itself.
You hit the giant cockroach.
You kill the giant cockroach!
You see here a giant cockroach corpse.
The orc shouts!
An iguana comes into view.
Found 13 gold pieces.
Your magical contamination has completely faded away.
There is a glowing drain here.
The world spins around you as you enter the gateway.
You enter a sewer! 2 frilled lizards, a leopard gecko, a worm and an ooze come into view.
The frilled lizard hisses angrily.
The leopard gecko hisses angrily.
The frilled lizard hisses angrily.
Found a gate leading back out of this place.
There is an empty arch of ancient stone here.
Casting: Frozen Ramparts (dangerous; 5% risk of failure)
Confirm with . or Enter, or press ? or * to list all spells.
The walls around you are covered in ice.
The wall freezes the frilled lizard.
The frilled lizard seems to slow down.
The frilled lizard bites you.
* * * LOW HITPOINT WARNING * * *
You hit the leopard gecko. Your grab misses the leopard gecko.
The leopard gecko is almost dead.
The wall freezes the leopard gecko.
You kill the leopard gecko!
Unknown command.
You hit the frilled lizard.
You kill the frilled lizard!
The wall freezes the frilled lizard.
You kill the frilled lizard!
Unknown command.
The frozen ramparts melt away.
Casting: Frozen Ramparts (dangerous; 5% risk of failure)
Confirm with . or Enter, or press ? or * to list all spells.
The walls around you are covered in ice.
The ooze quivers.
The wall freezes the worm!
The wall freezes the worm.
The worm bites you.
* * * LOW HITPOINT WARNING * * *
You hit the worm. You grab the worm.
The worm is almost dead.
You constrict the worm.
The wall freezes the ooze!
The worm bites you!
You die...

#####
##...#
##....##
#@....∩#
#.w..†.#
#J..∩.##
##....#
##..##
#..#
...#
##≈.#
#≈..


You could see a worm and an ooze.

Vanquished Creatures
  An orc wizard (D:3)
  2 hound skeletons (D:4)
  3 adders
  3 river rats (D:4)
  A worm (D:2)
  A dart slug (D:2)
  A leopard gecko (Sewer)
  2 orcs (D:3)
  2 giant cockroaches (D:4)
  A goblin (D:3)
  2 hobgoblins (D:2)
  A bat (D:2)
  2 frilled lizards (Sewer)
  7 kobolds
  A rat (D:2)
30 creatures vanquished.

Notes
Turn   | Place    | Note
-------+----------+-------------------------------------------
     0 | D:1      | Flugslaktarn the Octopode Ice Elementalist began the quest
                  | for the Orb.
     0 | D:1      | Reached XP level 1. HP: 11/11 MP: 3/3
     1 | D:1      | Noticed a jelly
     3 | D:1      | Found a runed translucent door.
    94 | D:2      | Reached XP level 2. HP: 8/17 MP: 0/5
   179 | D:3      | Found a shimmering altar of Xom.
   180 | D:3      | Found a sparkling altar of Nemelex Xobeh.
   191 | D:2      | Reached XP level 3. HP: 3/21 MP: 0/7
   196 | D:2      | Learned a level 3 spell: Frozen Ramparts
   361 | D:3      | Reached XP level 4. HP: 12/27 MP: 1/8
   413 | D:3      | You fall into a shaft and drop 1 floor!
   456 | D:3      | Found an opulent altar of Gozag.
   495 | D:4      | Reached skill level 5 in Ice Magic
   538 | D:4      | HP: 1/27 [hound skeleton (4)]
   558 | D:4      | Found a glowing drain.
   617 | D:4      | Reached XP level 5. HP: 9/31 MP: 6/10
   661 | Sewer    | Entered a sewer
   686 | Sewer    | Slain by a worm

Illustrated notes

Levels and vault maps discovered:
D:1:      dpeg_arrival_caged_fury, layout_basic, serial_forest,
          infiniplex_forest_zigzag_1, infiniplex_forest_end_2,
          infiniplex_forest_straight_3, infiniplex_forest_zigzag_1,
          infiniplex_forest_lined_3_way, infiniplex_forest_straight_3,
          infiniplex_forest_clump_curved
D:2:      layout_loops_cross, first_ration, minmay_misc_feat_encased,
          hangedman_abyss_or_decor_stabs, kennysheep_generic_room_8
D:3:      layout_basic, gammafunk_temple_overflow_forgotten,
          grunt_gozag_breadcrumbs, uniq_robin, uniq_grinder,
          uniq_crazy_yiuf_cottage
D:4:      layout_cave_pools, temple_pool_b, portal_sewer_entry_b,
          chequers_garden
Sewer:    sewer_fruit_machine

Skill      XL: |  1  2  3  4 |
---------------+-------------+-----
Spellcasting   | 3 |  3.7
Ice Magic      | 5 |  5.3
Dodging        | |  2.0
Stealth        | |  2.6

Action                   |  1- 3 |  4- 6 || total
-------------------------+-------+-------++-------
Melee: Unarmed           |     7 |       ||     7
       Constrict         |     5 |     6 ||    11
       Tentacles         |     3 |     1 ||     4
       Whip              |     9 |    17 ||    26
 Cast: Freeze            |    15 |     3 ||    18
       Frozen Ramparts   |     2 |     6 ||     8
 Stab: Sleeping          |     4 |     2 ||     6
Armor: Skin              |     3 |     1 ||     4
Dodge: Dodged            |    10 |     8 ||    18

Table legend:
 A = Non-vault XP
 B = Vault XP
 C = Vault XP percentage of total XP
 D = Non-vault monster count
 E = Vault monster count
 F = Vault count percentage of total count
                 A         B        C        D         E       F
            +---------+---------+-------+---------+---------+-------
      Total |     153 |      48 |  23.9 |      22 |       8 |  26.7
            +---------+---------+-------+---------+---------+-------
        D:2 |      46 |       0 |   0.0 |      11 |       0 |   0.0
        D:3 |      71 |       0 |   0.0 |       9 |       0 |   0.0
        D:4 |      36 |      43 |  54.4 |       2 |       5 |  71.4
      Sewer |       0 |       5 | 100.0 |       0 |       3 | 100.0
            +---------+---------+-------+---------+---------+-------
